 Dungeon Crawl Stone Soup version 0.23.0 (webtiles) character file.

Game seed: 10943566419369612410

233 Hylith the Cudgeler (level 5, -6/70 HPs)
             Began as a Minotaur Berserker on Feb 12, 2019.
             Was a Believer of Trog.
             Killed by divine providence
             ... invoked by an orc priest
              (9 damage)
             ... on level 4 of the Dungeon.
             The game lasted 00:05:03 (1623 turns).

Hylith the Cudgeler (Minotaur Berserker)            Turns: 1623, Time: 00:05:04

Health: -6/70      AC: 14    Str: 28    XL:     5   Next: 75%
Magic:  4/4        EV:  8    Int:  4    God:    Trog [**....]
Gold:   80         SH:  0    Dex:  9    Spells: 4/4 levels left

rFire    . . .     SeeInvis .   n - +0 morningstar
rCold    . . .     Gourm    .   (no shield)
rNeg     . . .     Faith    .   m - +0 plate armour
rPois    .         Spirit   .   (helmet restricted)
rElec    .         Reflect  .   r - +0 cloak
rCorr    .         Harm     .   (no gloves)
MR       .....     Rnd*Tele +   g - +0 pair of boots (curse)
Stlth    ..........             (no amulet)
HPRegen  0.21/turn              f - ring of teleportation (curse)
MPRegen  0.09/turn              (no ring)

@: berserking, lethally poisoned (-6 -> -9), very quick
A: retaliatory headbutt, horns 2
a: Berserk, Trog's Hand, Renounce Religion


You were on level 4 of the Dungeon.
You worshipped Trog.
Trog was pleased with you.
You were very hungry.

You visited 1 branch of the dungeon, and saw 4 of its levels.

You collected 80 gold pieces.

Inventory:

Hand Weapons
 n - a +0 morningstar (weapon)
Armour
 g - a cursed +0 pair of boots (worn)
 m - a +0 plate armour (worn)
 r - a +0 cloak (worn)
Jewellery
 f - a cursed ring of teleportation (left hand)
Scrolls
 b - a scroll of fog {unknown}
 d - 2 scrolls of immolation {unknown}
 e - 3 scrolls of identify {unknown}
 i - a scroll of remove curse {unknown}
 j - a scroll of amnesia {unknown}
 k - a scroll of fear {unknown}
 p - a scroll of teleportation {unknown}
Potions
 a - a potion of haste {unknown}
 h - a potion of curing {unknown}
 l - 2 potions of flight {unknown}
 q - a potion of might {unknown}
Comestibles
 c - 11 rations


   Skills:
 + Level 4.7 Fighting
 * Level 5.8 Maces & Flails
 + Level 4.4 Armour
 * Level 2.7 Dodging


You had 4 spell levels left.
You didn't know any spells.
Your spell library was empty.

Dungeon Overview and Level Annotations

Branches:
Dungeon (4/15)
 Temple: D:4-7

Altars:
Wu Jian


Innate Abilities, Weirdness & Mutations

You reflexively headbutt those who attack you in melee.
You have a pair of horns on your head.


Message History

Pain shoots through your body!
You feel sick.
The orc priest mumbles some strange prayers to Beogh against you.
Beogh smites you!
You see here a scroll labeled ENACACS PEHE.
You feel sick.
The orc wizard mumbles some strange words.
The orc wizard seems to speed up.
The orc priest mumbles some strange prayers to Beogh against you.
Beogh smites you!
* * * LOW HITPOINT WARNING * * *
A red film seems to cover your vision as you go berserk!
You feel yourself moving faster!
You feel mighty!
You are feeling very hungry.
You feel sick.
The orc priest hits you with a +3 flail.
* * * LOW HITPOINT WARNING * * *
The orc priest invokes the aid of Beogh against you.
Beogh smites you!
You die...

####### ......#
#######.#
#####.#########...(...#
#...........#.###..
#.#########.@.# #.#
##o## #.# ##ooo## #.#
#..o..# #.# #.......#
#.# #.........# #####.#
#.........# ......#
#.........# #####.#
##........#


You could see 2 orc priests, an orc wizard and 2 orcs.

Vanquished Creatures
  2 orc priests
  3 orc wizards
  2 adders
  A gnoll (D:1)
  A worm (D:3)
  A dart slug (D:4)
  5 leopard geckos
  9 orcs
  A ball python (D:1)
  5 goblins
  2 hobgoblins (D:1)
  2 kobolds
  4 bats
  4 frilled lizards
  9 rats
51 creatures vanquished.

Notes
Turn   | Place    | Note
-------+----------+-------------------------------------------
     0 | D:1      | Hylith the Minotaur Berserker began the quest for the Orb.
     0 | D:1      | Reached XP level 1. HP: 19/19 MP: 0/0
    37 | D:1      | Reached skill level 4 in Maces & Flails
    37 | D:1      | Reached XP level 2. HP: 10/27 MP: 1/1
   370 | D:1      | Reached ** piety under Trog
   404 | D:1      | Reached XP level 3. HP: 33/33 MP: 2/2
   590 | D:2      | Found an ornate altar of the Wu Jian Council.
   867 | D:3      | Reached XP level 4. HP: 32/41 MP: 3/3
  1344 | D:4      | Reached skill level 5 in Maces & Flails
  1344 | D:4      | Reached XP level 5. HP: 47/47 MP: 4/4
  1623 | D:4      | HP: 3/70 [orc priest/+3 flail (5)]
  1623 | D:4      | Killed from afar by an orc priest

Skill      XL: |  1  2  3  4 |
---------------+-------------+-----
Fighting       | 4 |  4.7
Maces & Flails | 4 5 |  5.8
Armour         | 3 4 |  4.4
Dodging        | |  2.7

Action                   |  1- 3 |  4- 6 || total
-------------------------+-------+-------++-------
Melee: Mace              |    71 |       ||    71
       Headbutt          |    10 |     7 ||    17
       Morningstar       |     7 |    34 ||    41
Invok: Berserk           |       |     1 ||     1
  Eat: Chunk             |       |     2 ||     2
Armor: Animal skin       |     5 |       ||     5
       Scale mail        |    17 |       ||    17
       Plate armour      |    13 |    32 ||    45
Dodge: Dodged            |    40 |    22 ||    62
